 Dungeon Crawl Stone Soup version 0.21.0-3-g78d12a8 (webtiles) character file.

412 MTVSty1e the Slasher (level 6, -1/82 HPs)
             Began as a Draconian Gladiator on Jan 8, 2018.
             Slain by imganon's ghost (5 damage)
             ... on level 4 of the Dungeon.
             The game lasted 00:03:14 (2666 turns).

MTVSty1e the Slasher (Draconian Gladiator)          Turns: 2666, Time: 00:03:15

Health: -1/82      AC: 10    Str: 24    XL:     6   Next: 59%
Magic:  6/6        EV: 10    Int:  8    God:
Gold:   52         SH: 10    Dex: 12    Spells: 5/5 levels left

rFire    . . .     SeeInvis .   a - +0 long sword
rCold    . . .     Gourm    .   q - +2 shield {AC+3}
rNeg     . . .     Faith    .   (armour unavailable)
rPois    .         Spirit   .   b - +0 hat
rElec    .         Reflect  .   (no cloak)
rCorr    .         Harm     .   (no gloves)
MR       .....                  o - +0 pair of boots
Stlth    ..........             (no amulet)
HPRegen  0.23/turn              (no ring)
MPRegen  0.10/turn              (no ring)

@: berserking, lethally poisoned (-1 -> -2), flying, very quick
A: unfitting armour, talons 1, mutation resistance 1, cold-blooded, AC +6
a: no special abilities


You were on level 4 of the Dungeon.
You were not hungry.

You visited 1 branch of the dungeon, and saw 4 of its levels.

You collected 52 gold pieces.

Inventory:

Hand Weapons
 a - a +0 long sword (weapon)
Missiles
 c - 3 throwing nets (quivered)
Armour
 b - a +0 hat (worn)
 o - a +0 pair of boots (worn)
 q - a +2 shield of protection (worn)
Wands
 r - a wand of paralysis (16)
Scrolls
 e - a scroll of enchant armour {unknown}
 i - a scroll of amnesia {unknown}
 l - 2 scrolls of identify {unknown}
 m - a scroll of magic mapping {unknown}
Potions
 h - 2 potions of brilliance
 j - a potion of might {unknown}
 k - a potion of lignification {unknown}
 n - a potion of magic {unknown}
 p - a potion of degeneration {unknown}
 s - a potion of cancellation {unknown}
Comestibles
 d - 4 rations


   Skills:
 + Level 4.8 Fighting
 * Level 6.4 Long Blades
 - Level 1.7 Throwing
 - Level 2.6 Dodging


You had 5 spell levels left.
You didn't know any spells.

Dungeon Overview and Level Annotations

Branches:
Dungeon (4/15)
 Temple: D:4-7

Altars:
Nemelex Xobeh

Annotations:
D:4 imganon's ghost, novice DsBe


Innate Abilities, Weirdness & Mutations

Your plain brown scales are hard. (AC +6)
You cannot fit into any form of body armour.
You are cold-blooded and may be slowed by cold attacks.
You have sharp toenails.
You are somewhat resistant to further mutation.


Message History

You feel very buoyant.
You fly up into the air.
You feel sick. The orc hits you but does no damage. Imganon's ghost hits you.
* * * LOW HITPOINT WARNING * * *
It was a potion of berserk rage.
A red film seems to cover your vision as you go berserk!
You feel yourself moving faster!
You feel mighty! The orc hits you but does no damage.
Imganon's ghost whispers, "The ORB doesn't exist."
Imganon's ghost hits you!
* * * LOW HITPOINT WARNING * * *
You hit imganon's ghost but do no damage.
The orc hits you with a club.
* * * LOW HITPOINT WARNING * * *
You are too berserk!
You hit imganon's ghost.
You tail-slap imganon's ghost, but do no damage.
Imganon's ghost is lightly damaged.
Imganon's ghost hits you.
You die...

... #.. #.####
#..<. ##... # ...
.# #.#+# ..# ..
#!#.# ...#
....#.W@##....# .
.....?.o)....# ##.P
..[..#.#.#####.....
.....#.#...<...#
.... #.#.......#
.... #..†......#
... +.........#
#.######### .(.


You could see imganon's ghost and an orc.

Vanquished Creatures
  A phantom (D:4)
  An orc priest (D:3)
  Jessica (D:2)
  Natasha (thrice) (D:2)
  A worker ant zombie (D:3)
  A gnoll (D:2)
  6 adders
  2 oozes
  6 worms
  6 dart slugs
  5 leopard geckos
  8 orcs
  A ball python (D:1)
  2 giant cockroaches
  7 goblins
  6 hobgoblins
  2 jackals (D:2)
  9 bats
  5 frilled lizards
  A jackal skeleton (D:3)
  5 kobolds
  7 rats
86 creatures vanquished.

Notes
Turn   | Place    | Note
-------+----------+-------------------------------------------
     0 | D:1      | MTVSty1e the Draconian Gladiator began the quest for the Orb.
     0 | D:1      | Reached XP level 1. HP: 17/17 MP: 1/1
   176 | D:1      | Reached XP level 2. HP: 25/25 MP: 2/2
   580 | D:1      | Reached XP level 3. HP: 20/30 MP: 3/3
   980 | D:2      | Reached skill level 4 in Long Blades
   987 | D:2      | Gained mutation: You have sharp toenails. [potion of mutation]
   987 | D:2      | Gained mutation: You are somewhat resistant to further mutation. [potion of mutation]
  1353 | D:2      | Reached XP level 4. HP: 38/38 MP: 4/4
  1463 | D:2      | Noticed Jessica
  1467 | D:2      | Killed Jessica
  1476 | D:2      | Noticed Natasha
  1479 | D:2      | Killed Natasha
  1666 | D:2      | Noticed Natasha
  1670 | D:2      | Killed Natasha
  1670 | D:2      | Reached skill level 5 in Long Blades
  1670 | D:2      | Reached XP level 5. HP: 46/46 MP: 5/5
  1783 | D:2      | Found a sparkling altar of Nemelex Xobeh.
  1807 | D:2      | Noticed Natasha
  1813 | D:2      | Killed Natasha
  1976 | D:3      | Reached XP level 6. HP: 52/52 MP: 6/6
  2542 | D:3      | Reached skill level 6 in Long Blades
  2652 | D:4      | Noticed imganon's ghost (novice DsBe)
  2665 | D:4      | HP: 3/82 [orc/club (4)]
  2666 | D:4      | Slain by imganon's ghost

Skill      XL: |  1  2  3  4  5  6 |
---------------+-------------------+-----
Long Blades    | 4 5 6 |  6.4
Fighting       | 3 4 |  4.8
Throwing       | |  1.7
Dodging        | |  2.6

Action                   |  1- 3 |  4- 6 || total
-------------------------+-------+-------++-------
Melee: Long sword        |   103 |   154 ||   257
       Tailslap          |    13 |    24 ||    37
       Kick              |     2 |    15 ||    17
  Use: Potion            |     4 |     2 ||     6
 Stab: Sleeping          |       |     2 ||     2
  Eat: Chunk             |     1 |       ||     1
       Ration            |       |     2 ||     2
Armor: Skin              |    37 |    37 ||    74
Dodge: Dodged            |    77 |   104 ||   181
Block: Shield            |       |    38 ||    38
       Rpst.: Long sword |    20 |    41 ||    61
